cohdb
Replays
Latest Replays
All Replays
Popular Replays
Top Player Replays
Match Explorer
How It Works
Community
CoH3 Stats
Reddit
Sign in to upload your games and track your stats! →
Sign in with Steam
Match 32692332
Unlisted
Match 32692332
Overview
Messages
Build Orders
End
Construct Section Command Post
Selects Indian Artillery Battlegroup
Infantry Section
Infantry Section
Infantry Section
Construct Field Infirmary
Grenade Package
Infantry Section
Selects Valour
Vickers Machine Gun Team
ML 3-inch Mortar Team
Selects Gurkha Rifles Section
Gurkha Rifles Section
Construct Platoon Command Post
6-pounder Anti-tank Gun Team
Steven Codmouth
Harold Fishlips
Nukepapa
NERO
0
0
Comments
sign in to comment!
No comments posted yet!